 Dungeon Crawl Stone Soup version 0.24-a0-333-g864f2b5 (webtiles) character file.

Game seed: 4210924600579795622

345 MatthieuS the Magician (level 6, -3/39 HPs)
             Began as a Deep Elf Ice Elementalist on May 17, 2019.
             Was a Follower of Sif Muna.
             Slain by Grinder (4 damage)
             ... while paralysed by Grinder
             ... on level 4 of the Dungeon.
             The game lasted 00:09:26 (4322 turns).

MatthieuS the Magician (Deep Elf Ice Elementalist)  Turns: 4322, Time: 00:09:26

Health: -3/39      AC:  3    Str:  7    XL:     6   Next: 32%
Magic:  15/16      EV:  2    Int: 20    God:    Sif Muna [*.....]
Gold:   231        SH:  0    Dex: 15    Spells: 6/16 levels left

rFire    + . .     SeeInvis .   u - +0 flail
rCold    . . .     Gourm    .   (no shield)
rNeg     . . .     Faith    .   a - +0 robe
rPois    .         Spirit   .   (no helmet)
rElec    .         Reflect  .   o - +0 cloak
rCorr    .         Harm     .   t - +0 pair of gloves
MR       .....                  (no boots)
Stlth    ++........             (no amulet)
HPRegen  0.13/turn              h - ring of protection from fire
MPRegen  0.15/turn              (no ring)

@: paralysed
A: deformed body, dopey 1, robust 1, strong 1
a: Divine Energy, Renounce Religion


You were on level 4 of the Dungeon.
You worshipped Sif Muna.
Sif Muna was aware of your devotion.
You were not hungry.

You visited 1 branch of the dungeon, and saw 4 of its levels.

You collected 231 gold pieces.

Inventory:

Hand Weapons
 u - a +0 flail (weapon)
   (You found it on level 4 of the Dungeon)
Missiles
 p - 4 curare-tipped darts (quivered) {!f}
Armour
 a - a +0 robe (worn)
 o - a +0 cloak (worn)
   (You found it on level 4 of the Dungeon)
 t - a +0 pair of gloves (worn)
   (You found it on level 4 of the Dungeon)
Jewellery
 h - a ring of protection from fire (left hand)
   (You found it on level 3 of the Dungeon)
Scrolls
 c - a scroll of identify {@r1}
 i - 3 scrolls of teleportation {@r4}
 j - a scroll of immolation {unknown}
 l - a scroll of fog {unknown}
 m - a scroll of random uselessness {unknown}
 n - a scroll of remove curse {unknown}
Potions
 d - a potion of flight
 f - a potion of mutation {!q}
Comestibles
 e - 9 rations


   Skills:
 + Level 2.8 Fighting
 - Level 2.4 Dodging
 - Level 2.4 Stealth
 + Level 5.7 Spellcasting
 - Level 1.1 Conjurations
 + Level 5.2 Ice Magic


You had 6 spell levels left.
You knew the following spells:

 Your Spells              Type           Power        Failure   Level  Hunger
a - Freeze                Ice            ####         1%          1    None
b - Throw Frost           Conj/Ice       ###...       4%          2    None
c - Ozocubu's Armour      Chrm/Ice       ###.....     11%         3    ##.....
d - Throw Icicle          Conj/Ice       ###.....     28%         4    ####...

Your spell library contained the following spells:

 Spells                   Type           Power        Failure   Level  Hunger
 Summon Ice Beast         Ice/Summ       ###.....     36%         4    ####...


Dungeon Overview and Level Annotations

Branches:
Dungeon (4/15)
 Temple: D:4-7

Altars:
Dithmenos
Elyvilon
Okawaru
Sif Muna
Trog
Uskayaw
Vehumet
Xom

Annotations:
D:4 Grinder


Innate Abilities, Weirdness & Mutations

Armour fits poorly on your strangely shaped body.
You are dopey. (Int -2)
You are robust. (+10% HP)
Your muscles are strong. (Str +2)


Message History

The leopard gecko bites you but does no damage.
The leopard gecko closely misses you.
You barely miss the leopard gecko. The leopard gecko bites you.
You hit the leopard gecko.
You kill the leopard gecko!
Sif Muna accepts your kill.
No target in view!
No target in view!
Eating a chunk of flesh.
You eat the chunk of flesh.
Grinder is too close now for your liking.
Grinder is nearby!
Okay, then.
It was a potion of ambrosia.
You are confused.
You feel invigorated.
You feel less invigorated.
You feel less confused.
Grinder is too close now for your liking.
Grinder shouts!
Okay, then.
A film of ice covers your body! Grinder gestures at you.
Pain shoots through your body! Grinder gestures at you.
Pain shoots through your body!
Unknown command.
You hit Grinder. Grinder hits you!
* * * LOW HITPOINT WARNING * * *
You writhe in agony.
* * * LOW HITPOINT WARNING * * *
You completely miss Grinder. Grinder barely misses you.
You closely miss Grinder. Grinder hits you but does no damage.
Grinder closely misses you.
You hit Grinder. Grinder hits you.
* * * LOW HITPOINT WARNING * * *
You writhe in agony.
* * * LOW HITPOINT WARNING * * *
As you read the scroll labeled FUGEHI FUEPHAOT, it crumbles to dust.
It is a scroll of identify.
i - 3 scrolls of teleportation Grinder gestures at you.
You resist with some effort.
Your icy armour cracks and falls away as you move.
Grinder rolls her eyes.
Grinder gestures at you.
You suddenly lose the ability to move!
Grinder hits you.
* * * LOW HITPOINT WARNING * * *
You writhe in agony.
You die...

##.# ##.## #.## ##.##
#..# ##..# ##.#####
##..## #.....##
##..## ##......#
#..## ##.......###
##..#
##..#....#..#####..##
##.####..####.@5#..##
##.## #### ####..##
##.## ##.# ..## ##.#
.## ..# .## ..# #.##
... ...## .... ....#
.#.


You could see Grinder.

Vanquished Creatures
  4 crimson imps (D:4)
  An orc wizard (D:3)
  A worker ant (D:4)
  4 adders
  An ooze (D:1)
  4 worms
  6 dart slugs
  7 leopard geckos
  4 orcs (D:3)
  3 giant cockroaches
  8 hobgoblins
  10 jackals
  4 quokkas
  5 bats
  2 frilled lizards (D:3)
  7 goblins
  9 kobolds
  12 rats
92 creatures vanquished.

Notes
Turn   | Place    | Note
-------+----------+-------------------------------------------
     0 | D:1      | MatthieuS the Deep Elf Ice Elementalist began the quest for
                  | the Orb.
     0 | D:1      | Reached XP level 1. HP: 10/10 MP: 6/6
    94 | D:1      | Reached XP level 2. HP: 16/16 MP: 2/8
   439 | D:1      | Reached skill level 1 in Fighting
   576 | D:1      | Reached XP level 3. HP: 10/20 MP: 6/10
  1262 | D:1      | Learned a level 2 spell: Throw Frost
  1266 | D:1      | Learned a level 3 spell: Ozocubu's Armour
  1469 | D:2      | Found an iron altar of Okawaru.
  1575 | D:2      | Reached XP level 4. HP: 20/25 MP: 4/12
  1646 | D:2      | Learned a level 4 spell: Throw Icicle
  1848 | D:2      | Found a shadowy altar of Dithmenos.
  1850 | D:2      | Found a hide-covered altar of Uskayaw.
  1853 | D:2      | Found a deep blue altar of Sif Muna.
  1868 | D:2      | Became a worshipper of Sif Muna the Loreminder
  2430 | D:3      | Found a radiant altar of Vehumet.
  2790 | D:3      | Reached XP level 5. HP: 17/30 MP: 2/14
  3128 | D:3      | Found a bloodstained altar of Trog.
  3314 | D:4      | Reached skill level 5 in Spellcasting
  3653 | D:4      | Noticed Grinder
  3770 | D:4      | Found a shimmering altar of Xom.
  3802 | D:4      | Gained mutation: Your muscles are strong. (Str +2) [potion
                  | of mutation]
  3802 | D:4      | Gained mutation: Armour fits poorly on your strangely
                  | shaped body. [potion of mutation]
  3802 | D:4      | Gained mutation: You are dopey. (Int -2) [potion of
                  | mutation]
  3802 | D:4      | Gained mutation: You are robust. (+10% HP) [potion of
                  | mutation]
  3826 | D:4      | Reached * piety under Sif Muna
  3826 | D:4      | Reached skill level 5 in Ice Magic
  3829 | D:4      | Reached XP level 6. HP: 32/39 MP: 14/16
  3880 | D:4      | Found a white marble altar of Elyvilon.
  4320 | D:4      | Paralysed by Grinder for 6 turns
  4322 | D:4      | HP: 1/39 [Grinder (3)]
  4322 | D:4      | Slain by Grinder

Levels and vault maps discovered:
D:1:      dpeg_arrival_simpleton_c, layout_basic
D:2:      layout_rooms, gammafunk_temple_overflow_forgotten,
          okawaru_metal_pillars_1_2
D:3:      layout_basic, lemuel_crystal_altar, minmay_misc_feat_x,
          minmay_misc_feat_rugged, trog_butcher_becter
D:4:      layout_cave_pods, led_xom_imps, elyvilon_altar_3, first_ration,
          uniq_grinder

Skill      XL: |  1  2  3  4  5 |
---------------+----------------+-----
Fighting       | 1 2 |  2.8
Spellcasting   | 4 5 |  5.7
Ice Magic      | 4 5 |  5.2
Dodging        | |  2.4
Stealth        | |  2.4
Conjurations   | |  1.1

Action                   |  1- 3 |  4- 6 || total
-------------------------+-------+-------++-------
Melee: Unarmed           |    11 |     8 ||    19
       Flail             |       |    62 ||    62
 Cast: Freeze            |    64 |    88 ||   152
       Ozocubu's Armour  |       |     1 ||     1
  Use: Potion            |       |    10 ||    10
       Scroll            |       |     1 ||     1
  Eat: Chunk             |     2 |     8 ||    10
Armor: Robe              |    13 |    33 ||    46
Dodge: Dodged            |    47 |    93 ||   140

Table legend:
 A = Non-vault XP
 B = Vault XP
 C = Vault XP percentage of total XP
 D = Non-vault monster count
 E = Vault monster count
 F = Vault count percentage of total count
                 A         B        C        D         E       F
            +---------+---------+-------+---------+---------+-------
      Total |     291 |     203 |  41.1 |      84 |       8 |   8.7
            +---------+---------+-------+---------+---------+-------
        D:1 |      67 |       0 |   0.0 |      29 |       0 |   0.0
        D:2 |      52 |       0 |   0.0 |      19 |       0 |   0.0
        D:3 |     121 |       7 |   5.5 |      32 |       4 |  11.1
        D:4 |      51 |     196 |  79.4 |       4 |       4 |  50.0
            +---------+---------+-------+---------+---------+-------
